 Dungeon Crawl Stone Soup version 0.26-a0-812-g31a745ddcd (webtiles) character file.

Game seed: 13935654699557330414

145 kae the Ruffian (level 5, 0/41 HPs)
             Began as a Draconian Transmuter on Dec 3, 2020.
             Succumbed to miscasting Spider Form's poison
             ... on level 2 of the Dungeon.
             The game lasted 00:01:16 (2062 turns).

kae the Ruffian (Draconian Transmuter)              Turns: 2062, Time: 00:01:17

Health: 0/41       AC:  5    Str: 14    XL:     5   Next: 6%
Magic:  5/8        EV: 12    Int: 13    God:
Gold:   112        SH:  0    Dex: 11    Spells: 4/8 levels left

rFire    . . .     SeeInvis .     - Unarmed
rCold    . . .     Faith    .   (no shield)
rNeg     . . .     Spirit   .   (armour unavailable)
rPois    .         Reflect  .   (helmet restricted)
rElec    .         Harm     .   (no cloak)
rCorr    .         Rampage  .   (no gloves)
MR       .....                  (no boots)
Stlth    +.........             (no amulet)
HPRegen  0.13/turn              (no ring)
MPRegen  0.11/turn              (no ring)

@: lethally poisoned (0 -> -1), berserk cooldown, flying, slowed, very slow
A: unfitting armour, cold-blooded, AC +5
a: no special abilities


You were on level 2 of the Dungeon.
You visited 1 branch of the dungeon, and saw 2 of its levels.

You collected 112 gold pieces.

Inventory:

Scrolls
 c - 2 scrolls of remove curse
Potions
 a - 2 potions of flight


   Skills:
 + Level 2.1 Fighting
 + Level 2.4 Dodging
 * Level 3.9 Unarmed Combat
 + Level 2.4 Spellcasting
 * Level 3.1 Transmutations
 * Level 1.1 Poison Magic


You had 4 spell levels left.
You knew the following spells:

 Your Spells              Type           Power        Failure   Level
a - Beastly Appendage     Tmut           #.....       7%          1
b - Spider Form           Tmut/Pois      #.........   30%         3

Your spell library contained the following spells:

 Spells                   Type           Power        Failure   Level
 Wereblood                Tmut           #.......     10%         2
 Ice Form                 Ice/Tmut       #.......     77%         4
 Blade Hands              Tmut           #.........   88%         5


Dungeon Overview and Level Annotations

Branches:
Dungeon (2/15)

Altars:
Elyvilon
Zin
The Shining One


Innate Abilities, Weirdness & Mutations

Your plain brown scales are hard. (AC +5)
You cannot fit into any form of body armour.
You are cold-blooded and may be slowed by cold attacks.


Message History

Natasha growls in agony!
Your Poison Magic skill increases to level 1!
You have reached level 5!
* * * LOW HITPOINT WARNING * * *
You feel sick.
There is a lethal amount of poison in your body!
There is a lethal amount of poison in your body!
There is a lethal amount of poison in your body!
A red film seems to cover your vision as you go berserk!
You feel yourself moving faster!
You feel mighty!
You start resting.
You feel a strong urge to attack something.
You see here the felid corpse of Natasha.
You feel your anger nearly subside.
You are no longer berserk.
You are exhausted.
You feel yourself slow down.
Your magical contamination has completely faded away.
* * * LOW HITPOINT WARNING * * *
You feel sick.
You die...

### #.. #.. #
# ##. .#. #.
#.# #. #.# #
#.
..#####.###.#
#.
.......@....#
#.
............#
##
...####.###.#
# . #.# # #
#†# # #.# #
#.## # #..# #
##.# ##


There were no monsters in sight!

Vanquished Creatures
  Natasha (twice) (D:2)
  Terence (D:2)
  3 adders (D:2)
  An ooze (D:1)
  A worm (D:2)
  2 dart slugs
  3 leopard geckos
  4 bats
  4 goblins (D:2)
  5 hobgoblins (D:1)
  2 kobolds (D:1)
  A frilled lizard (D:2)
  5 rats
34 creatures vanquished.

Notes
Turn   | Place    | Note
-------+----------+-------------------------------------------
     0 | D:1      | kae the Draconian Transmuter began the quest for the Orb.
     0 | D:1      | Reached XP level 1. HP: 16/16 MP: 3/3
   153 | D:1      | Reached XP level 2. HP: 9/23 MP: 3/5
  1148 | D:2      | Reached XP level 3. HP: 27/28 MP: 4/6
  1177 | D:2      | Noticed Natasha
  1192 | D:2      | Noticed Terence
  1194 | D:2      | Killed Natasha
  1200 | D:2      | HP: 1/29 [Terence/+0 flail (6)]
  1519 | D:2      | Learned a level 3 spell: Spider Form
  1571 | D:2      | Reached XP level 4. HP: 33/36 MP: 5/7
  1685 | D:2      | Killed Terence
  1789 | D:2      | Found a glowing silver altar of Zin.
  1789 | D:2      | Found a white marble altar of Elyvilon.
  1790 | D:2      | Found a glowing golden altar of the Shining One.
  2041 | D:2      | Noticed Natasha
  2055 | D:2      | Killed Natasha
  2055 | D:2      | Reached skill level 1 in Poison Magic
  2055 | D:2      | Reached XP level 5. HP: 2/41 MP: 4/8
  2055 | D:2      | HP: 1/41 [poisoned by miscasting Spider Form]
  2060 | D:2      | HP: 1/41 [poisoned by miscasting Spider Form]
  2062 | D:2      | Succumbed to miscasting Spider Form's poison

Illustrated notes

Levels and vault maps discovered:
D:1:      roderic_octagonal_star, layout_basic, kennysheep_boxes
D:2:      layout_loops_ring, good_gods_temple_1, uniq_terence,
          uniq_crazy_yiuf_cottage, uniq_natasha

Skill      XL: |  1  2  3  4 |
---------------+-------------+-----
Dodging        | 2 |  2.4
Transmutations | 3 |  3.1
Fighting       | 2 |  2.1
Poison Magic   | 1 |  1.1
Unarmed Combat | |  3.9
Spellcasting   | |  2.4

Action                   |  1- 3 |  4- 6 || total
-------------------------+-------+-------++-------
Melee: Unarmed           |    79 |    36 ||   115
       Tailslap          |     7 |     2 ||     9
       Kick              |    10 |     4 ||    14
       Headbutt          |     4 |     1 ||     5
       Punch             |     2 |       ||     2
 Cast: Beastly Appendage |    18 |     5 ||    23
       Spider Form       |       |     1 ||     1
  Use: Scroll            |     7 |       ||     7
       Potion            |     1 |     2 ||     3
Armor: Skin              |    28 |     7 ||    35
Dodge: Dodged            |    76 |    22 ||    98

Table legend: (Time is in decaauts)
 A = Elapsed time spent in this place.
 B = Non-inter-level travel time spent in this place.
 C = Inter-level travel time spent in this place.
 D = Time resting spent in this place.
 E = Time spent auto-exploring this place.
 F = Levels seen in this place.
 G = Mean time per level.
                   A        B        C        D        E       F      G
               +--------+--------+--------+--------+--------+-----+--------+
         Total |   2074 |   2039 |     35 |    339 |   1361 |   2 | 1037.0 |
       Dungeon |   2074 |   2039 |     35 |    339 |   1361 |   2 | 1037.0 |
               +--------+--------+--------+--------+--------+-----+--------+

Top non-repeatable levels by time:
     D:1: 1134 daAuts
     D:2: 940 daAuts
